 Dungeon Crawl Stone Soup version bcrawl-1.39.1 (webtiles) character file.

Game seed: 3102728863465933172

102850 Finalfun the Skirmisher (level 2, 0/27 HPs)
             Began as a Sand Dwarf Abyssal Knight on Oct 2, 2023.
             Was a Follower of Lugonu.
             Slain by a sky beast (4 damage)
             ... on level 2 of the Dungeon.
             The game lasted 00:02:20 (874 turns).

Finalfun the Skirmisher (Sand Dwarf Abyssal Knight)  Turns: 874, Time: 00:02:21

Health: 0/27       AC:  5    Str: 17    XL:     2   Next: 95%
Magic:  3/3        EV: 12    Int: 10    God:    Lugonu [*.....]
Gold:   95         SH:  0    Dex: 11    Spells: 1/1 levels left

rFire    . . .     GDR:     26% a - +0 flail
rCold    . . .     SeeInvis .   (shield restricted)
rNeg     . . .     Gourm    .   b - +0 ring mail
rPois    .         Faith    .   (no helmet)
rElec    .         Spirit   .   (no cloak)
rCorr    .         Reflect  .   (no gloves)
MR       .....                  (no boots)
Stlth    ..........             (no amulet)
HPRegen  0.14/turn              (no ring)
MPRegen  0.08/turn              (no ring)

@: confused, slow
A: small, slowness 1, armour attunement
a: Depart the Abyss, Bend Space, Renounce Religion


You were on level 2 of the Dungeon.
You worshipped Lugonu.
Lugonu was aware of your devotion.
You were hungry.

You visited 1 branch of the dungeon, and saw 2 of its levels.
You visited the Abyss 1 time.

You collected 95 gold pieces.

Inventory:

Hand Weapons
 a - a +0 flail (weapon)
Missiles
 c - 10 tomahawks of dispersal {=f}
 d - 114 stones (quivered)
 g - 3 throwing nets {=f}
Armour
 b - a +0 ring mail (worn)
Scrolls
 f - a scroll of teleportation {unknown}
 h - a scroll of blinking
 i - a scroll of enchant weapon {unknown}
 k - a scroll of fog {unknown}
Comestibles
 e - 4 rations {!d}


   Skills:
 - Level 4.0 Fighting
 + Level 3.8 Maces & Flails
 - Level 1.0 Throwing
 - Level 3.0 Armour
 - Level 0.7 Dodging
 - Level 2.0 Invocations


You had one spell level left.
You didn't know any spells.
Your spell library was empty.

Dungeon Overview and Level Annotations

Branches:
Dungeon (2/12)

Altars:


Innate Abilities, Weirdness & Mutations

You are small and have problems with some larger weapons.
You cover ground slowly.
Armour does not affect your spellcasting.


Message History

Something hits you. Something shocks you. Something hits you.
Something shocks you.
A sky beast appears from thin air!
Reactivating autopickup.
The sky beast is too close now for your liking.
The sky beast hits you. The sky beast shocks you.
* * * LOW HITPOINT WARNING * * *
You fail to use your ability.
The sky beast closely misses you. Space bends around you!
You blink.
The sky beast flickers out of sight!
Deactivating autopickup; reactivate with Ctrl-A.
Something barely misses you. Space bends around you!
You blink.
You don't have enough health at the moment.
You don't have enough health at the moment.
You don't have enough health at the moment.
Okay, then.
It was a potion of ambrosia.
You are confused.
You feel invigorated. Something hits you.
You die...

.... .. #.# ###..#####.#.#
#.# ........#.#.# #.#
.#.##..##.#.#.###.. ... #.#
^...............+ > ....
.#.# #####..#.#.#.### . ...
.#.# ##.#.#..... #...#.##.#
. .Y#.###.####.#.#.#.##.#
.....#....@[....#..... #.#
.....#####{########.####.#
.......[....ยง............#
#.....#####..........#......
#...... #.###########.#### #
#.# #.# #.# #.# #.# #.# #.#
#.#


There were no monsters in sight!

Vanquished Creatures
  4 leopard geckos (D:1)
  A bat (D:1)
  A giant cockroach (D:1)
  4 goblins (D:1)
  3 hobgoblins (D:1)
  2 kobolds (D:1)
  A rat (D:1)
16 creatures vanquished.

Notes
Turn   | Place    | Note
-------+----------+-------------------------------------------
     0 | Abyss:1  | Finalfun the Sand Dwarf Abyssal Knight began the quest for
                  | the Orb.
     0 | Abyss:1  | Reached XP level 1. HP: 19/19 MP: 2/2
    46 | D:1      | Escaped the Abyss
   261 | D:1      | Reached XP level 2. HP: 27/27 MP: 3/3
   521 | D:1      | Reached skill level 4 in Fighting
   853 | D:2      | Noticed a sky beast
   874 | D:2      | Slain by a sky beast

Skill      XL: |  1  2 |
---------------+-------+-----
Invocations    | 2 |  2.0
Fighting       | 4 |  4.0
Armour         | 3 |  3.0
Maces & Flails | |  3.8
Throwing       | |  1.0
Dodging        | |  0.7

Action                   || total
-------------------------++-------
Melee: Flail             ||    45
Throw: Stone             ||     4
Invok: Bend Space        ||     2
  Use: Scroll            ||     1
       Potion            ||     1
  Eat: Chunk             ||     1
Armor: Ring mail         ||    12
Dodge: Dodged            ||    39
